 Dungeon Crawl Stone Soup version 0.29.1-15-g9cfb28693d (webtiles) character file.

Game seed: 16192740553846940501

77637 Smoke131 the Bludgeoner (level 15, -2/130 HPs)
             Began as a Grey Draconian Fire Elementalist on Feb 23, 2023.
             Was a High Priest of Vehumet.
             Killed from afar by a frost giant (24 damage)
             ... with a bolt of cold
             ... on level 11 of the Dungeon.
             The game lasted 01:42:24 (27294 turns).

Smoke131 the Bludgeoner (DrFE)                     Turns: 27294, Time: 01:42:25

Health: -2/130     AC: 25    Str: 10    XL:     15   Next: 15%
Magic:  23/25      EV: 16    Int: 32    God:    Vehumet [*****.]
Gold:   1876       SH:  5    Dex: 12    Spells: 5/28 levels left

rFire   . . .      SeeInvis .   J - +8 mace "Draconian's Regret" {holy, Fly Int+3 Dex-3}
rCold   . . .      Faith    .   (no shield)
rNeg    . . .      Spirit   .   (body armour unavailable)
rPois   +          Reflect  +   i - +2 hat {Stlth+}
rElec   .          Harm     .   x - +2 cloak
rCorr   .          Rampage  .   h - +2 pair of gloves {Dex+3}
Will    +....                   s - +2 pair of boots
Stlth   +++.......              L - amulet of reflection
HPRegen 0.31/turn               d - +6 ring of intelligence
MPRegen 0.19/turn               o - ring of poison resistance

@: about to teleport, flying
A: AC +14, amphibious, unfitting armour, cold-blooded
a: Renounce Religion


You were on level 11 of the Dungeon.
You worshipped Vehumet.
Vehumet was extremely pleased with you.
You visited 3 branches of the dungeon, and saw 18 of its levels.
You also visited: Ice Cave.

You collected 1876 gold pieces.

Inventory:

Hand Weapons
 z - the +3 quarterstaff of Circular Logic {vorpal, rElec Stlth+}
   (You found it on level 6 of the Dungeon)

   It inflicts extra damage upon your enemies.
   rElec:     It insulates you from electricity.
   Stlth:     It makes you more stealthy.
 J - the +8 mace "Draconian's Regret" (weapon) {holy, Fly Int+3 Dex-3}
   (You found it on level 7 of the Dungeon)

   It has been blessed by the Shining One to cause great damage to the undead
   and demons.
   Int:       It affects your intelligence (+3).
   Dex:       It affects your dexterity (-3).
   Fly:       It grants you flight.
Armour
 h - a +2 pair of gloves of dexterity (worn)
 i - a +2 hat of stealth (worn)
 s - a +2 pair of boots (worn)
 x - a +2 cloak (worn)
Jewellery
 d - a +6 ring of intelligence (left hand)
 o - a ring of poison resistance (right hand)
 L - an amulet of reflection (around neck)
Wands
 m - a wand of polymorph (6)
 p - a wand of iceblast (16)
 r - a wand of mindburst (27)
 E - a wand of acid (11)
 I - a wand of charming (6)
Scrolls
 e - 10 scrolls of teleportation
 g - 5 scrolls of amnesia
 k - 3 scrolls of enchant armour
 u - a scroll of identify
 w - 4 scrolls of butterflies
 y - a scroll of brand weapon
 A - 3 scrolls of poison
 C - 2 scrolls of enchant weapon
 D - a scroll of fear
 F - 2 scrolls of magic mapping
Potions
 a - 2 potions of magic
 b - 2 potions of ambrosia
 c - 4 potions of cancellation
 f - 5 potions of curing
 j - a potion of might
 l - 2 potions of heal wounds
 n - 7 potions of brilliance
 q - a potion of attraction
 t - 6 potions of flight
 B - 5 potions of mutation
 H - a potion of resistance
 K - a potion of invisibility
 N - a potion of lignification


   Skills:
 + Level 11.5 Fighting
 - Level 15.0 Maces & Flails
 - Level 10.0 Dodging
 - Level 1.7 Stealth
 + Level 7.2 Spellcasting
 + Level 11.3 Conjurations
 - Level 3.0 Transmutations
 + Level 11.4 Fire Magic
 - Level 3.0 Earth Magic


You had 5 spell levels left.
You knew the following spells:

 Your Spells              Type           Power      Damage    Failure   Level
a - Foxfire               Conj/Fire      100%       2x1d9     1%          1
b - Scorch                Fire           100%       2d10      1%          2
c - Conjure Flame         Conj/Fire      71%        6-21      1%          3
d - Sticky Flame          Conj/Fire      71%        2d8       1%          4
e - Flame Wave            Conj/Fire      71%        2d16      1%          4
f - Fireball              Conj/Fire      35%        3d15      1%          5
w - Passwall              Tmut/Erth      25%        N/A       1%          2
z - Static Discharge      Conj/Air       47%        3-9/arc   1%          2

Your spell library contained the following spells:

 Spells                   Type           Power      Damage    Failure   Level
 Beastly Appendage        Tmut           60%        N/A       1%          1
 Magic Dart               Conj           100%       1d8       1%          1
 Sandblast                Erth           60%        2d14      1%          1
 Wereblood                Tmut           30%        N/A       1%          2
 Inner Flame              Hex/Fire       48%        N/A       1%          3
 Mephitic Cloud           Conj/Pois/Air  35%        N/A       1%          3
 Stone Arrow              Conj/Erth      100%       3d13      1%          3
 Irradiate                Conj/Tmut      27%        3d20      1%          5
 Sting                    Tmut/Pois      84%        1d7       2%          1
 Call Imp                 Summ           11%        N/A       6%          2
 Spider Form              Tmut/Pois      21%        N/A       7%          3
 Gell's Gravitas          Tloc           11%        N/A       12%         3
 Teleport Other           Tloc           11%        N/A       12%         3
 Blade Hands              Tmut           15%        N/A       32%         5
 Statue Form              Tmut/Erth      20%        N/A       88%         6
 Lehudib's Crystal Spear  Conj/Erth      27%        10d7      96%         8
 Dispersal                Tloc           5%         N/A       99%         6
 Dragon Form              Tmut           15%        N/A       100%        7


Dungeon Overview and Level Annotations

Branches:
Dungeon (11/15)            Temple (0/1) D:7            Lair (5/5) D:9
  Swamp (0/4) Lair:2       Spider (0/4) Lair:3        Slime (0/5) Lair:5
    Orc (2/2) D:9             Elf (0/3) Orc:2         IceCv (visited)

Altars:
Ashenzari
Gozag
Makhleb
Nemelex Xobeh
Trog
Uskayaw
Vehumet
Xom
The Shining One
Jiyva

Shops:
D:4 *   D:5 *   D:7 [   D:10 [   Orc:1 [   Orc:2 =(=(

Annotations:
D:6 3 runed translucent doors, nroviw's ghost, novice DsFE
D:7 3 runed translucent doors, leafyfresh's ghost, novice OpAE
Orc:1 1 exclusion
Orc:2 exclusion: 2 doors


Innate Abilities, Weirdness & Mutations

Your dull iron-grey scales are very hard. (AC +14)
You are amphibious.
You cannot fit into any form of body armour.
You are cold-blooded and may be slowed by cold attacks.


Message History

Magic restored.
You start resting.
HP restored.
This spell is mildly dangerous to cast.
Memorise Fireball, consuming 5 spell levels and leaving 5?
Vehumet grants you knowledge of Fireball.
You start memorising the spell.
You continue memorising. x5
You finish memorising.
You add the spell Fireball to your library.
Spell assigned to 'f'.
The frost giant points at you and mumbles some strange words.
The bolt of cold hits you!!!
The frost giant points at you and mumbles some strange words.
The bolt of cold misses you.
You start resting.
A frost giant is nearby!
The frost giant hits you with a +1 battleaxe of freezing!
You feel yourself slow down. The frost giant freezes you.
Casting: Foxfire (safe; 1% risk of failure)
Confirm with . or Enter, or press ? or * to list all spells.
Flames lash the frost giant.
The frost giant is lightly wounded.
The frost giant's fire resistance burns away.
An electric eel comes into view.
The frost giant points at you and mumbles some strange words.
The bolt of cold hits you!!
The electric eel shoots out a bolt of lightning at you!
The bolt of electricity hits you but does no damage.
As you read the scroll of teleportation, it crumbles to dust.
You feel strangely unstable.
You are engulfed in freezing vapours.
You feel yourself speed up.
The frost giant is engulfed in a cloud of scalding steam.
The frost giant hits you with a +1 battleaxe of freezing!!
* * * LOW HITPOINT WARNING * * *
The frost giant freezes you!
* * * LOW HITPOINT WARNING * * *
The frost giant is engulfed in a cloud of scalding steam.
The frost giant gestures at you while chanting.
The bolt of cold hits you!!
You die...

≈≈≈≈≈≈## ≈≈≈≈#~)#
≈≈≈≈#### ≈≈≈≈≈### ##
≈≈≈≈≈≈≈# #### ##≈## ##
≈≈≈≈≈≈≈# ##~.###≈≈≈##..#
≈≈≈≈≈≈≈# #≈~~~##≈≈≈~...#
≈≈≈†≈≈≈###≈≈≈≈~≈§C§~....
≈≈≈≈≈≈≈≈##≈≈≈≈≈≈@#≈~...
≈≈≈≈≈≈≈≈≈≈≈≈≈≈≈°≈# #..
≈≈≈≈≈≈≈≈≈≈≈≈≈≈°≈≈#
≈≈≈≈≈≈≈≈≈≈≈≈≈°≈≈S####
≈≈≈≈≈≈≈≈≈≈≈≈°≈≈≈≈≈≈≈≈≈≈≈
≈≈≈≈≈≈≈~≈≈≈≈≈≈≈≈≈≈≈####≈
≈≈≈≈≈≈~~~≈≈≈≈≈≈≈≈≈##
≈≈≈≈≈≈~.~≈≈≈≈≈≈≈###
≈≈≈≈≈≈≈≈~~≈≈≈≈≈≈#


You could see a frost giant (combustible) and an electric eel.

Vanquished Creatures
  A frost giant (IceCv)
  An orc warlord (Orc:1)
  8 hydras
  3 boulder beetles
  A centaur warrior (D:11)
  2 two-headed ogres
  2 catoblepae
  Erica (D:10)
  25 death yaks
  Urug (D:10)
  Nergalle (Lair:3)
  An orc high priest (Orc:2)
  2 orc knights
  Pikel (D:4)
  A deep elf pyromancer (Orc:2)
  5 orc sorcerers (Orc:2)
  2 ugly things
  A deep elf zephyrmancer (Orc:2)
  A cyclops (D:10)
  3 black mambas (Lair:4)
  4 elephants
  An ice statue (D:11)
  A gargoyle (D:7)
  8 rime drakes
  A torpor snail (Lair:5)
  Psyche (D:10)
  10 cane toads
  7 komodo dragons
  An unseen horror (D:7)
  A kobold demonologist (D:8)
  6 trolls
  6 hornets
  Prince Ribbit (Lair:1)
  10 polar bears
  15 blink frogs
  2 wraiths
  44 yaks
  15 spriggans (Lair:5)
  A basilisk (Lair:3)
  The ghost of flickminster the Twirler, an amateur DsGl (D:5)
  Menkaure (D:4)
  4 vampire mosquitoes (D:11)
  6 wargs
  17 water moccasins
  A swamp drake (Orc:2)
  22 orc warriors
  14 ice beasts (D:11)
  5 sky beasts (D:7)
  8 black bears
  38 wolves
  7 ogres
  3 boggarts
  7 centaurs
  3 lemures
  A phantom (D:7)
  3 kobold brigands
  9 bullfrogs
  5 scorpions
  8 wights
  14 killer bees
  7 electric eels (D:11)
  5 crimson imps
  3 howler monkeys
  3 hounds (D:4)
  2 jellies
  A gnoll bouda (D:9)
  16 orc priests
  Crazy Yiuf (D:5)
  An iron imp (Orc:2)
  2 iguanas
  Natasha (thrice) (D:4)
  39 orc wizards
  Robin (D:3)
  7 gnolls
  5 adders
  3 shadow imps
  3 white imps
  An ufetubus (D:5)
  3 worms (Lair:3)
  2 dart slugs (D:2)
  67 orcs
  5 bats
  9 endoplasms
  5 giant cockroaches
  14 goblins
  11 hobgoblins
  5 quokkas
  9 ball pythons
  3 frilled lizards
  15 kobolds
  10 rats
636 creatures vanquished.

Vanquished Creatures (collateral kills)
  A foxfire (Lair:3)
1 creature vanquished.

Vanquished Creatures (others)
  2 orc wizards (Orc:2)
  An orc (Orc:2)
  454 foxfires
  26 fungi
  29 plants
512 creatures vanquished.

Grand Total: 1149 creatures vanquished

Notes
Turn   | Place    | Note
-------+----------+-------------------------------------------
     0 | D:1      | Smoke131 the Draconian Fire Elementalist began the quest
                  | for the Orb.
     0 | D:1      | Reached XP level 1. HP: 14/14 MP: 3/3
   647 | D:1      | Reached XP level 2. HP: 22/22 MP: 5/5
   718 | D:1      | Learned a level 2 spell: Scorch
   784 | D:1      | Found a faded altar of an unknown god.
   888 | D:1      | Reached skill level 1 in Fighting
  1421 | D:2      | Reached XP level 3. HP: 28/28 MP: 6/6
  1427 | D:2      | Identified the +1 leather armour of Pelukhegg {rPois rCorr
                  | MP-9 Int+7}
  1752 | D:2      | Identified the +0 cloak "Betitani" {Fly Str+2}
  2247 | D:3      | Reached XP level 4. HP: 30/35 MP: 2/7
  2249 | D:3      | Noticed Robin
  2297 | D:3      | Killed Robin
  2754 | D:3      | Found a bloodstained altar of Trog.
  2755 | D:3      | Found a sparkling altar of Nemelex Xobeh.
  2755 | D:3      | Found a radiant altar of Vehumet.
  2756 | D:3      | Found a glowing golden altar of the Shining One.
  2774 | D:3      | Became a worshipper of Vehumet
  3337 | D:4      | Reached XP level 5. HP: 41/41 MP: 3/9
  3415 | D:4      | Noticed Natasha
  3419 | D:4      | Killed Natasha
  3516 | D:4      | Noticed Natasha
  3521 | D:4      | Killed Natasha
  3536 | D:4      | Noticed a lemure
  3543 | D:4      | Noticed Pikel
  3613 | D:4      | Reached * piety under Vehumet
  3613 | D:4      | Offered knowledge of Freeze by Vehumet.
  3682 | D:4      | Noticed Menkaure
  4025 | D:4      | Killed Menkaure
  4026 | D:4      | Reached XP level 6. HP: 50/50 MP: 6/10
  4106 | D:4      | Noticed an orc warrior
  4129 | D:4      | Killed an orc warrior
  4167 | D:4      | Learned a level 3 spell: Conjure Flame
  4362 | D:4      | You are sucked into a shaft and drop 1 floor!
  4362 | D:5      | Entered Level 5 of the Dungeon
  4374 | D:5      | Noticed an orc warrior
  4414 | D:4      | Your scales start taking on a dull iron-grey colour.
  4414 | D:4      | Reached XP level 7. HP: 51/57 MP: 2/12
  4706 | D:4      | Found Dunuat's General Store.
  5073 | D:4      | Noticed Natasha
  5076 | D:4      | Killed Natasha
  5224 | D:4      | Killed Pikel
  5225 | D:4      | Reached skill level 5 in Fire Magic
  5225 | D:4      | Reached XP level 8. HP: 28/66 MP: 1/14
  5612 | D:5      | Learned a level 4 spell: Flame Wave
  6020 | D:5      | Found a runed translucent door.
  6021 | D:5      | Noticed Crazy Yiuf
  6061 | D:5      | Killed Crazy Yiuf
  6285 | D:5      | Identified the +2 ring mail "Haleelewn" {rN+ Dex+4}
  6461 | D:5      | Reached skill level 5 in Fighting
  6720 | D:5      | Reached skill level 5 in Conjurations
  6966 | D:5      | Found Lirycos's Serpentskin Sales.
  6970 | D:5      | Reached skill level 5 in Spellcasting
  6974 | D:5      | Reached skill level 5 in Dodging
  7126 | D:5      | Found a large runed translucent door.
  7129 | D:5      | Found a large runed translucent door.
  7132 | D:5      | Noticed flickminster's ghost (amateur DsGl)
  7161 | D:5      | Reached XP level 9. HP: 71/74 MP: 8/16
  7364 | D:5      | Killed flickminster's ghost
  7662 | D:6      | Found a burning altar of Makhleb.
  7785 | D:6      | Reached ** piety under Vehumet
  7787 | D:6      | Identified the +3 quarterstaff of Circular Logic {vorpal,
                  | rElec Stlth+}
  8240 | D:6      | Found a runed translucent gate.
  8241 | D:6      | Found a runed translucent gate.
  8242 | D:6      | Found a runed translucent gate.
  8246 | D:6      | Noticed a kobold demonologist
  8246 | D:6      | Noticed nroviw's ghost (novice DsFE)
  8343 | D:7      | Got Fito's Reference Book on Vitiation and the Mountains
  8399 | D:6      | Offered knowledge of Sandblast by Vehumet.
  8586 | D:7      | Found a runed translucent gate.
  8586 | D:7      | Found a runed translucent gate.
  8586 | D:7      | Found a runed translucent gate.
  8586 | D:7      | Found an opulent altar of Gozag.
  8587 | D:7      | Noticed a cyclops
  8590 | D:7      | Noticed leafyfresh's ghost (novice OpAE)
  8769 | D:7      | Found Oduecraw's Antique Armour Shop.
  9092 | D:7      | Noticed a troll
  9107 | D:7      | Killed a troll
  9226 | D:7      | Reached XP level 10. HP: 86/86 MP: 15/17
  9242 | D:7      | Found a staircase to the Ecumenical Temple.
  9322 | D:7      | Noticed a five-headed hydra
  9336 | D:7      | Killed a five-headed hydra
  9397 | D:7      | Offered knowledge of Static Discharge by Vehumet.
  9467 | D:7      | Noticed a gargoyle
  9471 | D:7      | Learned a level 2 spell: Static Discharge
  9474 | D:7      | Killed a gargoyle
  9718 | D:7      | Identified the +8 mace "Draconian's Regret" {holy, Fly
                  | Int+3 Dex-3}
  9875 | D:7      | Noticed a two-headed ogre
  9880 | D:7      | Killed a two-headed ogre
  9992 | D:8      | Found a broken altar of Ashenzari.
 10005 | D:8      | Noticed a two-headed ogre
 10014 | D:8      | Killed a two-headed ogre
 10891 | D:9      | Noticed a death yak
 10891 | D:9      | Noticed a death yak
 10891 | D:9      | Noticed a death yak
 10891 | D:9      | Noticed a death yak
 10891 | D:9      | Noticed a death yak
 10891 | D:9      | Found a staircase to the Lair.
 10892 | D:9      | Noticed a death yak
 10957 | D:9      | Noticed a death yak
 11094 | D:8      | Noticed a soul eater
 11168 | D:8      | Noticed a sixfirhy
 11174 | D:8      | Reached *** piety under Vehumet
 11295 | D:8      | Reached XP level 11. HP: 92/92 MP: 18/18
 11444 | D:9      | Found a staircase to the Orcish Mines.
 11505 | D:9      | Offered knowledge of Mephitic Cloud by Vehumet.
 11667 | D:9      | Found a hide-covered altar of Uskayaw.
 11756 | D:9      | Killed a death yak
 11785 | D:8      | Killed a death yak
 11990 | D:9      | Found a shimmering altar of Xom.
 12284 | D:9      | Killed a death yak
 12290 | D:9      | Killed a death yak
 12340 | D:9      | Killed a death yak
 12340 | D:9      | Reached **** piety under Vehumet
 12343 | D:9      | Killed a death yak
 12344 | D:9      | Reached skill level 10 in Fighting
 12422 | D:9      | Killed a death yak
 12463 | D:9      | Offered knowledge of Sticky Flame by Vehumet.
 12471 | D:9      | Learned a level 4 spell: Sticky Flame
 12853 | Lair:1   | Entered Level 1 of the Lair of Beasts
 12922 | Lair:1   | Noticed a four-headed hydra
 12943 | Lair:1   | Killed a four-headed hydra
 12944 | Lair:1   | Reached skill level 10 in Fire Magic
 13433 | Lair:1   | Reached XP level 12. HP: 106/106 MP: 19/19
 13451 | Lair:1   | Reached skill level 10 in Conjurations
 13520 | Lair:1   | Noticed a catoblepas
 13548 | Lair:1   | Killed a catoblepas
 13637 | Lair:1   | Noticed Prince Ribbit
 13659 | Lair:1   | Killed Prince Ribbit
 14018 | Lair:2   | Reached skill level 10 in Dodging
 14018 | Lair:2   | Reached skill level 1 in Maces & Flails
 14148 | Lair:2   | Reached skill level 2 in Maces & Flails
 14209 | Lair:2   | Reached skill level 3 in Maces & Flails
 14339 | Lair:2   | Reached skill level 4 in Maces & Flails
 14518 | Lair:2   | Reached skill level 5 in Maces & Flails
 14717 | Lair:2   | Found a staircase to the Swamp.
 14851 | Lair:3   | Noticed a six-headed hydra
 14859 | Lair:3   | Killed a six-headed hydra
 14920 | Lair:3   | Reached skill level 6 in Maces & Flails
 15028 | Lair:3   | Noticed a boulder beetle
 15043 | Lair:3   | Killed a boulder beetle
 15051 | Lair:3   | Noticed a seven-headed hydra
 15190 | Lair:3   | Killed a seven-headed hydra
 15191 | Lair:3   | Reached skill level 7 in Maces & Flails
 15354 | Lair:3   | Reached skill level 8 in Maces & Flails
 15425 | Lair:3   | Noticed a four-headed hydra
 15460 | Lair:3   | Killed a four-headed hydra
 15675 | Lair:3   | Reached ***** piety under Vehumet
 15733 | Lair:3   | Noticed a catoblepas
 15734 | Lair:3   | Noticed Nergalle
 15734 | Lair:3   | Noticed a five-headed hydra
 15772 | Lair:3   | Killed a catoblepas
 15773 | Lair:3   | Reached skill level 9 in Maces & Flails
 15779 | Lair:3   | Killed Nergalle
 15781 | Lair:3   | Offered knowledge of Iskenderun's Mystic Blast by Vehumet.
 15882 | Lair:3   | Found a hole to the Spider Nest.
 15904 | Lair:3   | Reached XP level 13. HP: 113/113 MP: 12/20
 15905 | Lair:3   | Reached skill level 10 in Maces & Flails
 16026 | Lair:3   | Found a shimmering altar of Xom.
 16617 | Lair:4   | Reached skill level 11 in Maces & Flails
 17352 | Lair:5   | Entered Level 5 of the Lair of Beasts
 17422 | Lair:5   | Found a staircase to the Slime Pits.
 17423 | Lair:5   | Found a viscous altar of Jiyva.
 17485 | Lair:4   | Reached skill level 12 in Maces & Flails
 17848 | Lair:5   | Found a frozen archway.
 17859 | IceCv    | Entered an ice cave
 18007 | IceCv    | Reached skill level 13 in Maces & Flails
 18336 | IceCv    | Noticed a frost giant
 18424 | IceCv    | Killed a frost giant
 18689 | IceCv    | Reached skill level 14 in Maces & Flails
 19400 | IceCv    | Reached XP level 14. HP: 116/121 MP: 7/21
 20068 | Lair:5   | Learned a level 2 spell: Passwall
 20348 | Lair:5   | Offered knowledge of Irradiate by Vehumet.
 20452 | Lair:5   | Reached skill level 1 in Earth Magic
 20987 | Lair:5   | Reached skill level 1 in Transmutations
 22145 | Orc:1    | Entered Level 1 of the Orcish Mines
 22145 | Orc:1    | Found Vorhown's Armour Shop.
 22336 | Orc:2    | Entered Level 2 of the Orcish Mines
 22935 | Orc:2    | Found a staircase to the Elven Halls.
 23538 | Orc:2    | Noticed an orc warlord
 23646 | Orc:1    | Killed an orc warlord
 24049 | Orc:2    | Offered knowledge of Yara's Violent Unravelling by Vehumet.
 24863 | Orc:2    | Found Tybiele's Jewellery Shoppe.
 24863 | Orc:2    | Found Jel Naapt's Jewellery Emporium.
 24864 | Orc:2    | Found Bemn's Weapon Emporium.
 24867 | Orc:2    | Found Plog's Antique Weapon Shoppe.
 25541 | D:10     | Entered Level 10 of the Dungeon
 25765 | D:10     | Noticed Psyche
 25771 | D:10     | Killed Psyche
 25771 | D:10     | Noticed Urug
 25782 | D:10     | Killed Urug
 25783 | D:10     | Reached XP level 15. HP: 129/130 MP: 12/25
 25959 | D:10     | Noticed Erica
 25972 | D:10     | Killed Erica
 26170 | D:10     | Found Xinon's Armour Boutique.
 26348 | D:10     | Identified the +8 long sword "Kokhob" {elec, Str-2 Dex+5}
 26723 | D:11     | Identified the +5 quarterstaff "Qovoriycw" {spect, rElec
                  | Int+3}
 27126 | D:11     | Reached skill level 15 in Maces & Flails
 27148 | D:11     | Offered knowledge of Fireball by Vehumet.
 27150 | D:11     | Noticed a frost giant
 27284 | D:11     | Learned a level 5 spell: Fireball
 27294 | D:11     | Killed from afar by a frost giant

Illustrated notes

Levels and vault maps discovered:
D:1:      shiori_arrival_elements, layout_loops_ring,
          ebering_ecumenical_altar_abandoned
D:2:      layout_basic, hex_medium
D:3:      layout_loops_ring, grunt_temple_overflow_open,
          minmay_misc_feat_secret_circle, uniq_robin
D:4:      layout_basic, serial_shops, nicolae_shop_trees, uniq_natasha,
          uniq_menkaure, uniq_pikel
D:5:      layout_basic, ebering_ghost_disaster_area, guppyfry_shop_venom,
          uniq_crazy_yiuf_cottage
D:6:      layout_basic, mainiacjoe_overflow_six_doors_small,
          gammafunk_ghost_nasty_kobolds, grunt_decor_cap
D:7:      minmay_the_grid_octo_triangle [minmay_the_grid_octo_clover_2,
          minmay_the_grid_octo_prize_big_c, minmay_the_grid_octo_fat_diamond],
          layout_rooms, minmay_temple_entry_poolview, serial_shops,
          nicolae_shop_competitors_out_of_business, ebering_ghost_gozag
D:8:      layout_loops_ring, old_standard_altar
D:9:      layout_loops_cross, mainiacjoe_overflow_24_doors, led_xom_imps,
          dpeg_lair_monsters, minmay_orc_entry_guard_dogs
D:10:     layout_irregular_city, serial_shops, nicolae_diamond_shop, uniq_erica,
          uniq_urug, uniq_psyche
D:11:     minmay_twisted_water, layout_rooms
Lair:1:   layout_small_grid, dreamdust_deal_with_the_devil,
          infiniplex_staircase_pool, uniq_prince_ribbit2
Lair:2:   layout_cave_shapes, swamp_mist, chequers_serial_rivers_marsh,
          serial_bayou_shore_b, grunt_megastairs_2, lemuel_fruit_fields
Lair:3:   layout_roguey, nicolae_spider_entry_non_spiders, basic_altar,
          grunt_megastairs_1, uniq_nergalle
Lair:4:   layout_regular_city, st_stairs_9
Lair:5:   minmay_lair_end_enchanted_forest, layout_layer_cave, slime_entry_1,
          portal_ice_cave_entry_pillars_2, chequers_serial_rivers_small_b,
          minivault_11
Orc:1:    layout_caves, serial_shops, nicolae_shop_trees
Orc:2:    st_orc_mages, layout_caves, hangedman_minor_magic

Skill      XL: |  1  2  3  4  5  6  7  8  9 10 11 12 13 14 15 |
---------------+----------------------------------------------+-----
Dodging        | 2 3 4 5 6 7 9 10 | 10.0
Fighting       | 1 2 3 4 5 7 8 10 11 | 11.5
Conjurations   | 2 3 4 5 6 8 9 10 11 | 11.3
Spellcasting   | 3 4 5 6 7 |  7.2
Fire Magic     | 4 5 6 7 8 10 11 | 11.4
Maces & Flails | 9 14 15 | 15.0
Earth Magic    | 3 |  3.0
Transmutations | 3 |  3.0
Stealth        | |  1.7

Action                   |  1- 3 |  4- 6 |  7- 9 | 10-12 | 13-15 || total
-------------------------+-------+-------+-------+-------+-------++-------
Melee: Short sword       |    88 |    16 |       |       |       ||   104
       Unarmed           |    10 |       |       |       |       ||    10
       Tailslap          |    13 |     6 |    16 |    41 |    76 ||   152
       Punch             |     1 |       |       |     3 |     9 ||    13
       Long sword        |       |    61 |    98 |       |       ||   159
       Quarterstaff      |       |       |    63 |     5 |       ||    68
       Mace              |       |       |       |   244 |   410 ||   654
 Cast: Foxfire           |    41 |    29 |    20 |    26 |   141 ||   257
       Scorch            |       |    27 |   129 |   191 |   266 ||   613
       Conjure Flame     |       |       |     2 |    12 |     5 ||    19
       Sticky Flame      |       |       |       |    23 |   147 ||   170
       Flame Wave        |       |       |       |     7 |    25 ||    32
       Static Discharge  |       |       |       |       |     2 ||     2
  Use: Scroll            |       |     6 |     4 |     9 |    14 ||    33
       Potion            |       |     1 |       |     1 |     3 ||     5
 Stab: Sleeping          |     3 |     2 |       |       |       ||     5
Armor: Skin              |    43 |    47 |   163 |   197 |   315 ||   765
Dodge: Dodged            |    94 |   121 |   258 |   308 |   508 ||  1289
Block: Other             |       |       |       |       |    35 ||    35
       Reflection        |       |       |       |       |     2 ||     2
